Cogmind - Beta 16.1 @@@ ROGUE MODE // 2026.03.04 @ 00:08:37 Player: alice_fexa Result: Destroyed by P-80 Master with Gamma Rifle Performance ------------- Evolutions (7) 3500 Regions Visited (26) 5200 Robots Destroyed (437) 2185 Value Destroyed (21687) 21687 Prototype IDs (33) 660 Alien Tech Used (0) 0 Bonus (13188) 13188 TOTAL SCORE: 46420 Bonus ------- Triggered Max Security 1000 High Alert Combat Kills 4803 Follower Combat Kills 1505 Hunted by Unchained 500 Entered Garrisons 1600 Used RIF Installer 3500 Aligned with FarCom 300 Friendly Fire -20 Cogmind --------- Core Integrity 0/1300 Matter 253/300 Energy 99/100 System Corruption 50% Temperature Cool (0) Movement Core (50) Location -3/Quarantine Parts ------- > --- POWER (2) -------- (None) > --- PROPULSION (6) --- (None) > --- UTILITY (9) ------ Advanced Coolant Injector (fused) Enhanced Optical Array Advanced Targeting Computer > --- WEAPON (4) ------- (None) > --- INVENTORY (5) ---- Light Antimatter Reactor Advanced Remote Datajack Advanced Remote Datajack Advanced Remote Datajack Powered Hammer Peak State ------------ > --- POWER ------------ Quantum Reactor Light Quantum Reactor > --- PROPULSION ------- Biometal Leg Centrium Leg Heavy Shield Leg Heavy Shield Leg > --- UTILITY ---------- Advanced Cooling System Huge Storage Unit Enhanced Optical Array Advanced Targeting Computer Core Analyzer Transmission Jammer Reaction Control System Advanced Powered Armor Relay Coupler [Heavy] > --- WEAPON ----------- KE Penetrator KE Penetrator Railgun Advanced Remote Datajack > --- INVENTORY -------- Quantum Reactor Myomer Leg Biometal Leg Biometal Leg Advanced Cooling System Matter Compressor Advanced Signal Interpreter Improved Weapon Cycler Improved Medium Armor Plating Graphene Brace Relay Coupler [NC] Relay Coupler [NC] Relay Coupler [Proto] Relay Coupler [Proto] Compact HERF Cannon YOLO Cannon Coil Gun Railgun Railgun Linear Accelerator Scatter Rocket Array Improved Remote Datajack Plasma Cutter Powered Hammer [Rating: 153] Favorites ----------- Power Particle Reactor Engine Reinforced Deuterium Engine Power Core Light Nuclear Core Reactor Particle Reactor Propulsion Light Treads Treads Light Treads Leg Centrium Leg Wheel Wheel Utility Huge Storage Unit Device Improved Heat Sink Storage Huge Storage Unit Processor Improved Targeting Computer Hackware Relay Coupler [Grunt] Protection Improved Light Armor Plating Weapon Gauss Rifle Energy Gun Beam Rifle Energy Cannon YOLO Cannon Ballistic Gun Gauss Rifle Ballistic Cannon Linear Accelerator Launcher Rocket Launcher Special Weapon Remote Datajack Impact Weapon Great Maul Special Melee Weapon Improved Datajack Build | -11 -10 -10 -9 -9 -9 -8 -8 -8 -8 -8 -7 -7 -7 -7 -6 -6 -6 -6 -5 -5 -5 -5 -4 -4 -3 -3 ------- Run | Yrd Mat Min Mat Min Exi Min Mat Gar Mat Gar Fac Gar Fac Gar Fac Gar Fac Gar Fac Was Fac Gar Fac Gar Res Qua Slots Evolved 14 | . . . 2 . . . 2 . . . 2 . . . 2 . . . 2 . . . 2 . 2 . Power 1 | . . . . . . . . . . . . . . . . . . . 1 . . . . . . . Propulsion 4 | . . . 1 . . . . . . . 1 . . . 1 . . . . . . . 1 . . . Utility 7 | . . . 1 . . . 1 . . . 1 . . . 1 . . . 1 . . . 1 . 1 . Weapon 2 | . . . . . . . 1 . . . . . . . . . . . . . . . . . 1 . Parts Attached 291 | 6 4 8 13 3 1 4 17 18 1 15 3 26 2 18 16 17 4 18 4 11 11 5 15 19 32 . Power 33 | 1 . 1 3 1 1 . 5 . . 1 . 3 . 2 1 1 . 2 1 1 . . 1 4 4 . Engine 15 | 1 . 1 3 1 . . 3 . . . . 2 . 1 1 1 . 1 . . . . . . . . Core 7 | . . . . . 1 . 2 . . 1 . 1 . 1 . . . . 1 . . . . . . . Reactor 11 | . . . . . . . . . . . . . . . . . . 1 . 1 . . 1 4 4 . Propulsion 72 | 2 . 3 3 1 . 1 3 5 . 5 1 8 . 2 8 4 . 4 . 3 2 1 1 7 8 . Treads 50 | 2 . 1 3 1 . . 2 5 . 5 1 8 . 2 4 4 . 3 . 3 2 1 1 2 . . Leg 13 | . . . . . . . . . . . . . . . . . . 1 . . . . . 5 7 . Wheel 9 | . . 2 . . . 1 1 . . . . . . . 4 . . . . . . . . . 1 . Hover . | . . . . . . . . . . . . . . . . . . . . . . . . . . . Flight . | . . . . . . . . . . . . . . . . . . . . . . . . . . . Utility 110 | 1 3 1 4 1 . 1 2 5 . 6 1 10 2 8 4 10 4 6 2 5 5 3 11 3 12 . Device 48 | . 1 . 1 1 . . 1 3 . 2 . 3 1 2 1 6 2 3 2 . 4 . 8 1 6 . Storage 5 | 1 2 1 1 . . . . . . . . . . . . . . . . . . . . . . . Processor 12 | . . . . . . . 1 . . 1 . . 1 1 1 . 1 . . . . . 3 . 3 . Hackware 19 | . . . . . . . . . . 1 1 5 . 3 1 1 . 2 . 1 . 2 . 1 1 . Protection 26 | . . . 2 . . 1 . 2 . 2 . 2 . 2 1 3 1 1 . 4 1 1 . 1 2 . Artifact . | . . . . . . . . . . . . . . . . . . . . . . . . . . . Weapon 76 | 2 1 3 3 . . 2 7 8 1 3 1 5 . 6 3 2 . 6 1 2 4 1 2 5 8 . Energy Gun 10 | . . 2 2 . . 1 1 . . . . 2 . . . 1 . . . . . . . . 1 . Energy Cannon 5 | . . . . . . . . 1 . . . . . . . . . 2 . . . . . 1 1 . Ballistic Gun 38 | 2 . 1 . . . . 5 6 1 1 . 2 . 5 2 1 . 1 . 1 2 . 2 3 3 . Ballistic Cannon 4 | . . . . . . . 1 . . . . . . . . . . 1 1 1 . . . . . . Launcher 4 | . 1 . 1 . . 1 . . . . . . . . . . . 1 . . . . . . . . Special Weapon 12 | . . . . . . . . . . 2 . 1 . 1 1 . . 1 . . 2 . . 1 3 . Impact Weapon 2 | . . . . . . . . 1 . . . . . . . . . . . . . 1 . . . . Slashing Weapon . | . . . . . . . . . . . . . . . . . . . . . . . . . . . Piercing Weapon . | . . . . . . . . . . . . . . . . . . . . . . . . . . . Special Melee Weapon 1 | . . . . . . . . . . . 1 . . . . . . . . . . . . . . . Unidentified Prototypes 2 | . . . . . . . 2 . . . . . . . . . . . . . . . . . . . Corrupted Parts 1 | . . . . . . . . . . . . . . . . . . . . . . . . . 1 . System Corruption 10 | . . . . . . . . . . . . . . . . . . . . . . . . . 10 . Parts Lost 92 | . . 8 2 1 . 1 1 2 . 4 7 2 . 6 5 3 . 3 . . 1 8 . 5 33 . Power 11 | . . 1 1 . . . 1 . . . 1 . . . 1 . . . . . . 1 . 1 4 . Propulsion 36 | . . 3 1 1 . . . . . 2 3 1 . 4 3 1 . 3 . . . 2 . 2 10 . Utility 24 | . . 1 . . . 1 . 2 . 2 1 . . 1 1 2 . . . . 1 2 . . 10 . Weapon 21 | . . 3 . . . . . . . . 2 1 . 1 . . . . . . . 3 . 2 9 . Highest Loss Streak 11 | . . 4 1 1 . 1 1 1 . 2 7 1 . 2 2 1 . 3 . . 1 5 . 3 11 . To Critical Strikes 4 | . . . . . . . . . . . . . . . . . . . . . . . . 1 3 . Average Backups 22 | 3 8 12 20 24 24 23 23 23 24 23 23 23 24 23 23 23 24 23 23 22 19 18 19 20 21 5 Power 1 | . 1 1 4 3 2 2 2 1 1 1 1 2 2 2 3 2 2 2 1 1 1 1 . . 1 1 Propulsion 1 | 1 2 2 . 1 1 1 4 4 5 4 3 1 2 . . 1 2 . . 1 2 1 . . 1 . Utility 6 | . . 1 1 3 4 3 3 4 5 5 6 7 8 8 5 6 6 7 9 8 5 4 7 9 8 . Weapon 10 | 1 4 8 13 16 16 16 11 11 11 11 11 10 10 10 11 12 12 11 10 10 9 9 9 8 6 1 Tool/Special . | . . . . . . . . . . . . . . . . . . . . . . . . . . . Unused Backups 99 | . 1 . 6 4 1 . 13 9 . 6 2 8 . 4 3 12 1 6 . 2 1 . 4 7 7 2 Power 19 | . . . 2 . . . 3 2 . . . 1 . 2 1 4 . 1 . . . . 2 . . 1 Propulsion 6 | . . . . . . . . 2 . 2 . . . . . 1 . . . 1 . . . . . . Utility 33 | . 1 . . . . . 1 . . 2 . 6 . 1 1 4 1 3 . 1 . . . 6 6 . Weapon 38 | . . . 4 4 1 . 8 5 . 1 2 1 . 1 1 3 . 2 . . 1 . 2 1 1 . Tool/Special 3 | . . . . . . . 1 . . 1 . . . . . . . . . . . . . . . 1 Average Slot Usage (%) 93 | . 94 86 91 99 100 99 99 99 100 98 99 99 98 94 92 94 99 99 97 76 85 81 81 83 79 14 Engine 4 | . 14 13 10 11 5 . 5 9 9 2 . 3 7 6 5 6 6 3 . . . . . . . . Core 1 | . . . . . 5 11 3 . . 5 6 3 . . . . . . 5 1 . . . . . . Reactor 2 | . . . . . . . . . . . . . . . . . . 2 3 7 11 10 10 9 8 . Treads 24 | . 28 17 23 32 33 27 25 26 27 26 29 29 30 25 18 32 33 32 29 20 17 17 14 15 . . Leg 1 | . . . . . . . . . . . . . . . . . . . . . . . . 3 19 . Device 10 | . 8 3 8 11 11 11 9 9 9 3 6 6 7 11 6 10 18 11 11 4 18 16 21 13 12 4 Storage 7 | . 14 14 11 11 11 11 9 9 9 9 7 7 7 7 6 6 6 6 5 5 5 5 5 5 3 . Processor 8 | . . . . . . . 9 9 9 16 15 8 7 7 12 7 7 13 10 5 1 . 6 11 11 9 Hackware 1 | . . . . . . . . . . 1 4 4 5 1 6 . . 1 5 5 5 4 . 2 1 . Protection 6 | . . . 12 11 11 10 9 8 9 4 2 8 6 6 6 8 6 5 4 4 4 4 4 3 3 . Energy Gun 3 | . . 12 21 22 22 21 1 . . . . 2 8 4 . . . . . 1 1 . 1 . . . Ballistic Gun 15 | . 28 15 . . . . 23 25 27 23 18 18 7 15 18 16 18 15 11 7 13 13 13 13 13 . Peak Build Rating 153 | 6 10 10 17 19 23 24 32 37 33 36 34 46 47 48 58 64 62 70 78 103 103 109 124 132 153 18 Average Rating 56 | 4 8 8 14 18 20 23 29 34 33 31 33 42 44 43 52 59 60 61 74 93 99 102 117 115 127 18 On Entrance 45 | . 6 10 9 17 19 23 24 31 32 33 30 21 46 42 47 49 60 58 65 71 98 101 71 119 132 18 Avg Prop Armor Cover (%) 11 | . . 14 12 . . 16 14 13 . . . . . . 12 . . 3 . . 5 4 . 4 12 . Naked Turns . | . . . . . . . . . . . . . . . . . . . . . . . . . . . Heaviest Build 179 | 11 27 48 99 99 99 99 110 109 103 103 101 118 119 120 110 128 121 129 140 179 151 166 146 157 163 1 Greatest Support 210 | 40 40 40 60 60 60 60 60 60 60 60 80 82 80 88 118 131 123 123 120 170 170 167 210 210 178 3 Greatest Overweight (x) 27 | . . 4 6 2 1 9 10 6 1 27 4 1 1 2 10 1 . 1 1 1 1 1 . 5 8 . Average Overweight (x) . | . . 2 2 1 1 5 2 1 1 1 1 1 1 1 2 . . . . . . . . . . . Largest Inventory Capacity 25 | 8 15 20 25 25 25 25 25 25 25 25 25 25 25 25 25 25 25 25 25 25 25 25 25 25 25 5 Average Capacity 24 | 7 11 18 21 25 25 25 25 25 25 25 25 25 25 25 25 25 25 25 25 25 25 25 25 25 24 5 Most Carried 25 | 5 14 16 25 25 25 25 25 25 25 25 25 25 25 25 25 25 25 25 25 25 25 25 25 25 25 5 Average Carried 23 | 3 8 12 20 24 24 24 24 24 25 24 24 24 25 24 24 24 25 24 24 24 25 24 23 24 22 5 Final Capacity 25 | 8 15 20 25 25 25 25 25 25 25 25 25 25 25 25 25 25 25 25 25 25 25 25 25 25 5 5 Final Carried 25 | 4 13 16 25 25 25 25 25 25 25 25 25 25 25 24 25 25 25 25 25 25 25 23 25 25 5 5 Class Distribution -------------------- 18% | Scavenger-Skirmisher 15% | Bothacker-Skirmisher 13% | Scavenger-Mutant 10% | Scavenger-Gunner 8% | Bothacker-Gunner 8% | Bothacker-Tank 5% | Mutant 5% | Scavenger-Tank 4% | Botlord-Gunner 3% | Bothacker-Mutant Dominant Class ---------------- Mutant | -10/Materials Mutant | -10/Mines Scavenger-Mutant | -9/Materials Scavenger-Mutant | -9/Mines Scavenger-Mutant | -9/Exiles Scavenger-Mutant | -8/Mines Scavenger-Skirmisher | -8/Materials Scavenger-Skirmisher | -8/Garrison Scavenger-Skirmisher | -8/Materials Scavenger-Gunner | -8/Garrison Scavenger-Gunner | -7/Factory Bothacker-Skirmisher | -7/Garrison Bothacker-Skirmisher | -7/Factory Bothacker-Skirmisher | -7/Garrison Bothacker-Skirmisher | -6/Factory Scavenger-Skirmisher | -6/Garrison Bothacker-Skirmisher | -6/Factory Bothacker-Gunner | -6/Garrison Botlord-Gunner | -5/Factory Bothacker-Tank | -5/Waste Bothacker-Tank | -5/Factory Bothacker-Tank | -5/Garrison Scavenger-Tank | -4/Factory Botlord-Tank | -4/Garrison Bothacker-Gunner | -3/Research Mutant | -3/Quarantine Resources | -11 -10 -10 -9 -9 -9 -8 -8 -8 -8 -8 -7 -7 -7 -7 -6 -6 -6 -6 -5 -5 -5 -5 -4 -4 -3 -3 ----------- Run | Yrd Mat Min Mat Min Exi Min Mat Gar Mat Gar Fac Gar Fac Gar Fac Gar Fac Gar Fac Was Fac Gar Fac Gar Res Qua Matter Collected 17211 | 276 551 111 249 40 . 38 801 948 42 1066 . 1759 72 1068 1096 824 110 1075 165 435 773 1123 678 1094 2817 . Remotely 161 | . . . . . . . . . . . . . . . . 161 . . . . . . . . . . Salvage Created 18401 | 98 486 213 744 346 . 255 935 1206 58 927 . 1181 40 689 1363 848 120 1003 397 242 918 602 855 1193 3682 . Parts 878 | 2 30 11 30 13 . 16 50 59 4 50 . 58 1 40 43 43 7 48 10 5 41 35 37 57 188 . Haulers Intercepted 7 | . 2 . 1 . . . 2 . 1 . . . . . . . . . . . . . 1 . . . Recyclers Shooed 13 | . 1 . 1 . . . . . . . . . . . 2 . 1 . . . . . 3 . 5 . Parts Field Recycled . | . . . . . . . . . . . . . . . . . . . . . . . . . . . Retrieved Matter . | . . . . . . . . . . . . . . . . . . . . . . . . . . . Parts Self-Destructed . | . . . . . . . . . . . . . . . . . . . . . . . . . . . Prevented . | . . . . . . . . . . . . . . . . . . . . . . . . . . . Parts Restored . | . . . . . . . . . . . . . . . . . . . . . . . . . . . Kills | -11 -10 -10 -9 -9 -9 -8 -8 -8 -8 -8 -7 -7 -7 -7 -6 -6 -6 -6 -5 -5 -5 -5 -4 -4 -3 -3 ------- Run | Yrd Mat Min Mat Min Exi Min Mat Gar Mat Gar Fac Gar Fac Gar Fac Gar Fac Gar Fac Was Fac Gar Fac Gar Res Qua Combat Hostiles Destroyed 331 | . 8 8 11 5 . 5 17 25 . 27 . 27 1 26 14 18 2 24 . 1 16 22 7 23 44 . Guns 227 | . 8 8 6 5 . 1 17 22 . 19 . 22 1 13 13 10 2 15 . 1 11 11 7 15 20 . Cannons 8 | . . . . . . . . 2 . . . . . . . . . 1 . . . 2 . 1 2 . AOE 88 | . . . 4 . . 3 . . . 8 . 5 . 13 . 7 . 8 . . 5 9 . 7 19 . Classes Destroyed 21 | 1 6 . 3 1 . . . 2 . 3 . 1 . 2 . . . . . 1 1 . . . . . Worker 26 | . 1 . 3 . . 2 1 . . . . . . . 4 . . . . . 1 . . . 14 . Builder 18 | . . . 1 1 . . . . . . . . . . 1 . 1 . . . . . . . 14 . Tunneler 6 | . . . . 1 . . . . . . . . . . . . . . . . 1 . . . 4 . Hauler 7 | . 2 . 1 . . . 2 . 1 . . . . . . . . . . . . . 1 . . . Recycler 28 | 1 1 . 2 1 . 1 2 . . . . . . . 4 . . . 3 . 1 . 2 . 10 . Mechanic 2 | . 1 . . . . . . . . . . . . . . . . . . . 1 . . . . . Operator 1 | . . . 1 . . . . . . . . . . . . . . . . . . . . . . . Drone 19 | . . . . . . . . . . . . . . . . . . . . . 2 . . . 17 . Watcher 17 | . 2 . 1 . . . 4 . . 2 . 1 . . 1 . . . . . 2 . 2 . 2 . Swarmer 84 | . 3 5 . . . 3 6 . . 11 . 5 . 10 1 7 . 8 . . 2 10 . 9 4 . Cutter 3 | . . . . . . . . . . . . . . 3 . . . . . . . . . . . . Grunt 118 | . 5 3 7 3 . 2 7 18 . 10 . 7 . 6 6 6 1 8 . . 8 5 3 8 5 . Brawler 6 | . . . . . . . . . . 1 . 3 . . . 1 . . . . 1 . . . . . Duelist 5 | . . . . . . . . . . 1 . 1 . . . . . . . . 1 2 . . . . Sentry 33 | . . . 4 2 . . 4 5 . 2 . 2 . 1 3 3 . . . . . 1 1 3 2 . Demolisher 1 | . . . . . . . . 1 . . . . . . . . . . . . . . . . . . Specialist 3 | . . . . . . . . . . . . . . 1 . . . 1 . . . 1 . . . . Hunter 11 | . . . . . . . . 1 . . . . . 2 1 2 . . . . . 1 . 1 3 . Programmer 46 | . . . . . . . . . . 2 . 8 1 3 3 . 1 7 . . 2 2 3 1 13 . Behemoth 2 | . . . . . . . . . . . . 1 . . . . . . . . . . . 1 . . Compactor 1 | . . . . . . . . . . . . . . . . . . . . 1 . . . . . . Best Kill Streak 12 | 1 3 3 4 2 . 4 4 3 1 7 . 6 1 6 5 5 1 12 3 1 8 7 3 6 10 . Combat Bots Only 12 | . 3 3 4 2 . 3 4 3 . 7 . 6 1 6 4 5 1 12 . 1 4 7 3 6 4 . Max Kills in Single Turn 9 | 1 1 2 2 1 . 2 2 1 1 3 . 2 1 2 2 2 1 8 1 1 2 3 1 3 9 . Gunslinging 1 | . . 1 . . . . 1 . . . . 1 . . 1 . . . . . . . . . . . Exploded 8 | . . . 2 . . 2 . . . 3 . 2 . 2 . 2 . 8 . . 2 3 . 3 4 . Melee . | . . . . . . . . . . . . . . . . . . . . . . . . . . . Uniques/NPCs Destroyed . | . . . . . . . . . . . . . . . . . . . . . . . . . . . Combat | -11 -10 -10 -9 -9 -9 -8 -8 -8 -8 -8 -7 -7 -7 -7 -6 -6 -6 -6 -5 -5 -5 -5 -4 -4 -3 -3 -------- Run | Yrd Mat Min Mat Min Exi Min Mat Gar Mat Gar Fac Gar Fac Gar Fac Gar Fac Gar Fac Was Fac Gar Fac Gar Res Qua Hostile Shots Fired 1986 | . 33 65 50 24 . 22 74 76 . 91 47 147 17 151 112 122 17 96 . . 57 162 33 121 458 11 Missed 531 | . 9 15 11 6 . 6 18 16 . 20 13 48 7 53 35 50 2 25 . . 12 32 4 28 117 4 Deflected 17 | . . . . . . . . . . . . . . . . . . . . . . . . 2 15 . Hits 1455 | . 24 50 39 18 . 16 56 60 . 71 34 99 10 98 77 72 15 71 . . 45 130 29 93 341 7 Melee 22 | . . 3 . . . . . 1 . 2 7 . . 1 . 2 . . . . 1 5 . . . . Projectile 1433 | . 24 47 39 18 . 16 56 59 . 69 27 99 10 97 77 70 15 71 . . 44 125 29 93 341 7 AOE 18 | . . 9 . . . . . 2 . . 1 . . 3 . . . . . . . . . . 3 . Critical Strikes 124 | . 1 2 3 1 . . 4 3 . 1 . 6 . 2 2 1 . 7 . . 6 5 2 7 71 . Part Disruptions 3 | . . . . . . . . . . . . . . . . . . 3 . . . . . . . . Damage Taken 24485 | . 276 883 621 234 . 271 785 976 . 783 863 1283 161 1444 979 937 263 1278 . . 850 2694 630 1497 6614 163 Core 2450 | . 40 202 106 11 . 13 76 139 . 88 142 131 46 193 111 16 21 87 . . 18 30 . . 817 163 Absorbed by Shields 515 | . . . . . . . . 44 . . . . . . . . . . . . . . . 471 . . Reduced by Siege Mode 339 | . . . . . . . . . . . . . . . . . . . . . 60 122 71 86 . . Ignored by Resistances 9 | . . . . . . . . . . . . . . . . . . 9 . . . . . . . . Regen/Repaired (Parts) 320 | . . . 138 . . . . . . . . . . . . . . . . . . . 182 . . . Core Remaining (%) 63 | 100 . 3 . . . 67 . . . 44 . . . 26 . . . 72 . . . 95 . 100 . . Volleys Fired 1197 | 4 51 30 49 26 . 15 58 72 2 64 4 96 11 78 48 63 13 72 7 34 56 66 29 85 164 . Largest 4 | 2 2 2 2 2 . 2 3 3 3 3 1 3 2 3 3 3 3 3 1 2 3 3 3 3 4 . Hottest 205 | 40 40 115 115 112 . 112 184 96 79 84 28 121 103 140 90 119 86 114 94 58 152 152 101 101 205 . Shots Fired 2676 | 8 101 59 91 52 . 27 167 178 6 165 4 219 17 141 136 136 33 154 7 37 127 149 80 172 410 . Gun 2393 | 8 100 59 84 52 . 24 150 161 6 159 2 204 10 117 132 118 32 141 6 19 112 118 80 156 343 . Cannon 137 | . . . . . . . 17 17 . . . . . . . 7 . 4 . 13 . 17 . 3 59 . Launcher 68 | . 1 . 7 . . 3 . . . 4 . 8 . 12 . 7 . 1 . . 5 10 . 3 7 . Special 78 | . . . . . . . . . . 2 2 7 7 12 4 4 1 8 1 5 10 4 . 10 1 . Kinetic 2156 | 8 100 24 . . . . 161 173 6 159 2 194 5 74 132 110 32 144 . 32 90 131 80 156 343 . Thermal 325 | . . 35 84 52 . 24 6 . . . . . 5 28 . 8 . . 6 . 22 4 . . 51 . Explosive 68 | . 1 . 7 . . 3 . . . 4 . 8 . 12 . 7 . 1 . . 5 10 . 3 7 . Electromagnetic 49 | . . . . . . . . 5 . . . 10 . 15 . 7 . 1 . . . . . 3 8 . Robot Hit Streak 35 | 5 10 9 12 12 . 8 25 20 2 35 2 9 8 11 22 21 22 18 12 12 14 17 21 11 11 . Robot Miss Streak 21 | 1 5 3 3 3 . 2 4 6 1 5 2 3 2 5 4 3 2 8 1 2 5 8 2 4 21 . Penetration Max 1 | . . . . . . . . 1 . 1 . 1 . . 1 . 1 1 . . 1 1 1 . 1 . Secondary Targets 34 | . . 2 . . . . 3 4 . 1 . 4 . 1 2 . . . . . 5 1 2 1 8 . Max Gunslinging Chain 2 | . . 1 . . . . 1 1 . 1 . 2 . 1 1 . . . . . 1 1 1 1 1 . Shots Hit Robots 1680 | 6 62 38 66 34 . 19 113 113 4 91 2 136 12 79 107 95 23 101 7 27 93 102 64 104 182 . Core Hits 913 | 2 26 16 31 11 . 17 45 49 1 45 . 57 2 61 56 56 7 52 4 2 60 68 29 57 159 . Critical Kills 27 | . . 1 . . . . 2 2 . 1 . 1 . . 4 1 . 2 . . 1 1 1 4 6 . Critical Parts Destroyed 40 | . 1 . . . . . 1 5 . 4 . 3 . . 3 2 1 2 . 1 2 3 . 6 6 . Critical Strikes 92 | . 1 1 7 3 . 1 3 7 . 5 . 4 2 3 8 3 1 4 . 7 3 4 1 11 13 . Burn 16 | . . . 7 3 . 1 . . . . . . 2 3 . . . . . . . . . . . . Meltdown 2 | . . . . . . . . . . . . . . . . . . . . . . . . . 2 . Destroy 73 | . 1 1 . . . . 3 7 . 5 . 4 . . 7 3 1 4 . 7 3 4 1 11 11 . Smash 1 | . . . . . . . . . . . . . . . 1 . . . . . . . . . . . Melee Attacks 61 | . . . . . . . . 2 . 7 . 11 . 14 11 5 1 4 1 . . 3 1 1 . . Impact 61 | . . . . . . . . 2 . 7 . 11 . 14 11 5 1 4 1 . . 3 1 1 . . Slashing . | . . . . . . . . . . . . . . . . . . . . . . . . . . . Piercing . | . . . . . . . . . . . . . . . . . . . . . . . . . . . Sneak Attacks 5 | . . . . . . . . . . 1 . . . . 3 . . . 1 . . . . . . . Combat Hostiles . | . . . . . . . . . . . . . . . . . . . . . . . . . . . Follow-up Attacks . | . . . . . . . . . . . . . . . . . . . . . . . . . . . Damage Inflicted 46251 | 69 690 413 1336 496 . 490 2045 2494 71 2141 . 3481 177 2246 2773 2422 528 2513 243 557 2547 3059 1697 2985 10778 . Guns 32703 | 69 690 413 934 496 . 258 1989 2137 71 1703 . 2888 177 1262 2383 1731 528 2031 171 351 2014 1811 1697 2222 4677 . Cannons 2938 | . . . . . . . 56 255 . . . . . . . 192 . 87 . 206 . 428 . 84 1630 . Explosions 10051 | . . . 402 . . 232 . 102 . 341 . 593 . 984 . 499 . 395 . . 533 820 . 679 4471 . Melee 559 | . . . . . . . . . . 97 . . . . 390 . . . 72 . . . . . . . Ramming . | . . . . . . . . . . . . . . . . . . . . . . . . . . . Kinetic 30006 | 69 690 136 . . . . 2000 2284 71 1703 . 2823 71 784 2383 1535 528 2118 . 557 1503 2155 1697 2222 4677 . Thermal 7422 | . . 277 934 496 . 258 45 102 . . . . 106 373 . 196 . . 171 . 511 84 . . 3869 . Explosive 7535 | . . . 402 . . 232 . . . 341 . 593 . 984 . 499 . 395 . . 533 820 . 679 2057 . Electromagnetic 729 | . . . . . . . . 108 . . . 65 . 105 . 192 . . . . . . . 84 175 . Impact 559 | . . . . . . . . . . 97 . . . . 390 . . . 72 . . . . . . . Slashing . | . . . . . . . . . . . . . . . . . . . . . . . . . . . Piercing . | . . . . . . . . . . . . . . . . . . . . . . . . . . . Highest Corruption 50 | . . . . . . . . . . 3 2 8 8 8 . 1 1 2 . 17 19 21 2 2 49 50 Average Corruption 8 | . . . . . . . . . . 2 1 5 8 8 . 1 1 1 . 15 17 20 1 2 26 49 Corruption Purged . | . . . . . . . . . . . . . . . . . . . . . . . . . . . Corruption Blocked . | . . . . . . . . . . . . . . . . . . . . . . . . . . . Effects 559 | . . . . . . . . . . 42 . 97 20 99 . 9 4 24 . 25 48 52 8 21 108 2 Message Errors 150 | . . . . . . . . . . 14 . 27 6 32 . 1 2 6 . 8 12 10 2 6 24 . Matter Fused 127 | . . . . . . . . . . 13 . 27 2 27 . 2 . 8 . 8 9 10 1 1 18 1 Heat Flow Errors 62 | . . . . . . . . . . 2 . 13 4 9 . 2 1 3 . 1 8 4 1 4 10 . Energy Discharges 60 | . . . . . . . . . . 2 . 12 3 7 . 2 . 2 . 3 6 7 1 4 11 . Parts Rejected 8 | . . . . . . . . . . 1 . 1 . 2 . . . . . . . 2 . . 2 . Parts Fused 4 | . . . . . . . . . . . . . . . . . . . . . . . . 1 3 . Data Loss (minor) 49 | . . . . . . . . . . 3 . 5 1 11 . . 1 2 . . 5 7 . 2 12 . Data Loss (major) 31 | . . . . . . . . . . 3 . 7 1 5 . . . 1 . 3 1 5 . 3 2 . Misfires 21 | . . . . . . . . . . 1 . 1 2 3 . 2 . 1 . . 4 . 2 . 5 . Alerts 10 | . . . . . . . . . . 1 . 4 1 . . . . 1 . 1 . 1 . . 1 . Misdirections 6 | . . . . . . . . . . . . . . . . . . . . . . . . . 5 1 Weapon Failures 31 | . . . . . . . . . . 2 . . . 3 . . . . . 1 3 6 1 . 15 . Overload Shots . | . . . . . . . . . . . . . . . . . . . . . . . . . . . Overflow Damage 1300 | . . . . . . . . . . 47 . 77 . 16 265 12 . . 2 . . 4 . 40 837 . Projectiles 585 | . . . . . . . . . . . . . . . . 6 . . . . . . . . 579 . Explosions 401 | . . . . . . . . . . . . 77 . 16 . 6 . . . . . 4 . 40 258 . Melee 314 | . . . . . . . . . . 47 . . . . 265 . . . 2 . . . . . . . Knockbacks 9 | . . . . . . . . 2 . . . . . . . . . 1 1 . . 5 . . . . Impact 1 | . . . . . . . . . . . . . . . . . . . 1 . . . . . . . Kinetic 8 | . . . . . . . . 2 . . . . . . . . . 1 . . . 5 . . . . Secondary . | . . . . . . . . . . . . . . . . . . . . . . . . . . . Self-Inflicted Damage 631 | . . . 32 . . . . . . . . 9 . . . 43 . 106 . . . . . 120 321 . Shots 19 | . . . 1 . . . . . . . . 1 . . . 2 . 4 . . . . . 4 7 . Rammed . | . . . . . . . . . . . . . . . . . . . . . . . . . . . Targets Rammed . | . . . . . . . . . . . . . . . . . . . . . . . . . . . Kicked . | . . . . . . . . . . . . . . . . . . . . . . . . . . . Crushed . | . . . . . . . . . . . . . . . . . . . . . . . . . . . Highest Temperature 460 | . 16 324 460 189 . 113 390 22 . 263 . 260 230 230 4 149 137 249 92 275 296 237 234 268 451 . Average Temperature 86 | . 8 91 99 59 . 52 72 7 . 43 . 106 97 102 3 16 78 102 46 108 100 68 77 60 103 . Received Heat Transfer 5436 | . 114 102 279 108 . 144 369 438 . 180 . 324 54 309 282 174 51 249 . . 387 489 48 248 1087 . Effects 14 | . . . 3 . . . . . . . . 4 . . . . . . . 2 . . . . 5 . Shutdowns 5 | . . . 1 . . . . . . . . . . . . . . . . . . . . . 4 . Energy Bleed 3 | . . . . . . . . . . . . 1 . . . . . . . 1 . . . . 1 . Interference 4 | . . . . . . . . . . . . 3 . . . . . . . 1 . . . . . . Matter Decay 1 | . . . 1 . . . . . . . . . . . . . . . . . . . . . . . Short Circuit 1 | . . . 1 . . . . . . . . . . . . . . . . . . . . . . . Siege Activations 23 | . . . . . . . . . . . . . . . . . . . . . 3 7 4 9 . . Total Turns 389 | . . . . . . . . . . . . . . . . . . . . . 82 140 69 98 . . Longest Duration 49 | . . . . . . . . . . . . . . . . . . . . . 46 49 25 21 . . Martial Activations . | . . . . . . . . . . . . . . . . . . . . . . . . . . . Shielding Activations 8 | . . . . . . . . . . . . . . . . . . . . . . . . 1 7 . Total Turns 204 | . . . . . . . . . . . . . . . . . . . . . . . . 27 177 . Longest Duration 40 | . . . . . . . . . . . . . . . . . . . . . . . . 27 40 . Robots Disrupted . | . . . . . . . . . . . . . . . . . . . . . . . . . . . Combat Hostiles . | . . . . . . . . . . . . . . . . . . . . . . . . . . . Robots Corrupted 9 | . . . . . . . . 1 . 1 . . . . 4 1 . . 1 . . . . . 1 . Combat Hostiles 4 | . . . . . . . . 1 . . . . . . 1 1 . . . . . . . . 1 . Parts Fried 11 | . . . . . . . . 1 . . . . . 1 2 3 . . 2 . . . . . 2 . Impact Corruptions 13 | . . . . . . . . . . 2 . . . . 10 . . . 1 . . . . . . . Robots Melted 4 | . . . 1 . . 1 . . . . . . . . . . . . . . . . . . 2 . Combat Hostiles 4 | . . . 1 . . 1 . . . . . . . . . . . . . . . . . . 2 . Parts Melted 29 | . . 2 6 9 . . 1 . . . . . 2 2 . . . . 1 . 1 . . . 5 . Heat Transferred 12069 | . . 777 2923 1480 . 740 111 150 . . . . 296 814 . 259 . . 222 . 666 111 . . 3520 . Parts Sabotaged 6 | . . . . . . . . . . 6 . . . . . . . . . . . . . . . . Parts Stolen . | . . . . . . . . . . . . . . . . . . . . . . . . . . . Parts Stripped . | . . . . . . . . . . . . . . . . . . . . . . . . . . . Power Chain Reactions 1 | . . . . . . . . 1 . . . . . . . . . . . . . . . . . . Alert | -11 -10 -10 -9 -9 -9 -8 -8 -8 -8 -8 -7 -7 -7 -7 -6 -6 -6 -6 -5 -5 -5 -5 -4 -4 -3 -3 ------- Run | Yrd Mat Min Mat Min Exi Min Mat Gar Mat Gar Fac Gar Fac Gar Fac Gar Fac Gar Fac Was Fac Gar Fac Gar Res Qua Maximum Alert Level 5 | . . . . . . . . 4 3 5 4 5 4 5 4 5 3 4 2 . . 2 1 2 3 5 Low Security (%) 31 | 100 100 100 100 100 . 100 100 9 . . . . . . . . . . . 100 100 47 93 18 7 . Level 1 6 | . . . . . . . . 32 . . . 1 . . . . . . . . . 7 6 11 43 . Level 2 16 | . . . . . . . . 16 60 21 21 13 . . . . . 28 100 . . 45 . 69 37 5 Level 3 15 | . . . . . . . . 23 39 23 71 18 . 22 . 28 100 36 . . . . . . 11 . Level 4 19 | . . . . . . . . 17 . 34 6 23 100 27 100 53 . 35 . . . . . . . . Level 5 11 | . . . . . . . . . . 20 . 42 . 50 . 18 . . . . . . . . . . High Security . | . . . . . . . . . . . . . . . . . . . . . . . . . . . Max Security . | . . . . . . . . . . . . . . . . . . . . . . . . . . 94 Peak Influence 3047 | 5 60 117 169 58 . 100 163 1517 739 2146 1126 3047 1599 2501 1353 1885 989 1241 651 155 123 542 247 647 1072 1600 Initial 1599 | . . 5 39 24 . . . 89 739 419 1126 380 1599 950 1312 940 989 566 651 155 . 25 247 11 363 544 Average 754 | 1 10 24 90 6 . 21 57 649 694 1205 897 1535 1466 1581 1230 1316 886 932 540 45 33 306 67 432 429 1541 Influence Increases 15721 | 5 286 245 417 125 . 165 597 1488 7 1827 31 2807 97 1651 515 1055 90 725 52 . 328 547 240 806 1615 . Destroy 0b10 Robot/C 6175 | . 160 160 220 100 . 100 340 680 . 640 . 720 20 580 280 330 30 375 15 . 210 330 105 345 435 . Destroy 0b10 Robot/NC 488 | 5 35 . 45 15 . 20 45 . 5 10 . 5 5 . 50 4 4 . 16 . 24 . 20 . 180 . Destroy Leader 856 | . 48 40 74 10 . 10 82 30 2 30 . 30 12 50 102 16 16 56 10 . 36 32 38 48 84 . Allied During Kill 202 | . . . . . . . . 31 . 13 . 41 2 14 . 73 . 3 11 . . . . . 14 . Successful Hack 247 | . 30 . 15 . . . 7 14 . 14 31 35 12 . . . 24 22 . . . 11 21 11 . . Disable Machine 354 | . . 15 30 . . . 60 . . 45 . . . 30 30 . . 12 . . 24 12 24 36 36 . Anti-Garrison Action 5205 | . . . . . . . . 600 . 900 . 1750 . 900 . 565 . 188 . . . 76 . 226 . . Destroy Structure 1621 | . 13 . 33 . . 20 48 28 . 70 . 121 1 77 8 55 4 45 . . 22 86 32 116 842 . Partial Spotted 12 | . . . . . . . . . . . . . . . . . . . . . 12 . . . . . Lose Combat Pursuer 561 | . . 30 . . . 15 15 105 . 105 . 105 45 . 45 12 12 24 . . . . . 24 24 . Influence Decreases 15177 | 5 272 158 456 187 . 165 459 109 878 327 1634 303 1786 508 1673 513 1166 293 848 445 292 111 695 176 1294 424 Entered New Map 8763 | . . 9 62 38 . . . 49 778 227 1020 163 1448 408 1189 403 896 243 590 290 . 11 225 6 284 424 Time Decay 4792 | 5 272 129 374 139 . 153 459 . 100 . 374 . 278 . 434 . 270 . 238 155 282 . 470 . 660 . Lost Part 850 | . . 20 20 10 . 10 . 20 . 40 70 20 . 60 50 30 . 30 . . 10 80 . 50 330 . Lost Ally 620 | . . . . . . . . 40 . 60 20 120 60 40 . 80 . 20 20 . . 20 . 120 20 . Purge Threat 152 | . . . . . . 2 . . . . 150 . . . . . . . . . . . . . . . Squads Dispatched 45 | . 4 . 1 . . . . . . . 3 . 3 . 15 . 2 . 2 . 3 . 4 . 8 . Investigation 5 | . 1 . . . . . . . . . . . . . 2 . . . . . 1 . 1 . . . Extermination 14 | . . . . . . . . . . . 1 . 1 . 2 . 1 . 1 . 2 . 2 . 4 . Reinforcement 14 | . 3 . 1 . . . . . . . . . 1 . 4 . . . . . . . 1 . 4 . Assault 10 | . . . . . . . . . . . 2 . 1 . 5 . 1 . 1 . . . . . . . Garrison 2 | . . . . . . . . . . . . . . . 2 . . . . . . . . . . . Intercept . | . . . . . . . . . . . . . . . . . . . . . . . . . . . Searches Triggered . | . . . . . . . . . . . . . . . . . . . . . . . . . . . Unchained Authorized 2 | . . . . . . . . . . . . . . . . . . . . . 1 . . . 1 . Construction Impeded 2 | . . . . . . . . . . . . . . . . . . . . . . . . . 2 . Haulers Reinforced 3 | . . . . . . . . . . . . . . . 3 . . . . . . . . . . . Active Scanning Responses . | . . . . . . . . . . . . . . . . . . . . . . . . . . . Cargo Convoy Interrupts . | . . . . . . . . . . . . . . . . . . . . . . . . . . . Alert ID Control Effect 3 | . . . . . . . . . . . . . . . . . . . . . . . . 3 . . Stealth | -11 -10 -10 -9 -9 -9 -8 -8 -8 -8 -8 -7 -7 -7 -7 -6 -6 -6 -6 -5 -5 -5 -5 -4 -4 -3 -3 --------- Run | Yrd Mat Min Mat Min Exi Min Mat Gar Mat Gar Fac Gar Fac Gar Fac Gar Fac Gar Fac Was Fac Gar Fac Gar Res Qua Distress Signals 16 | . 1 . 1 . . . 5 . . . . 1 1 . 4 . . . . . 1 . 1 . 1 . Communications Jammed 32 | . . . . . . . . . . . . . . . . . . . . . 1 . . . 31 . Distress Signals 32 | . . . . . . . . . . . . . . . . . . . . . 1 . . . 31 . Times Spotted 556 | . 16 34 17 5 . 6 28 38 1 38 8 44 12 35 22 29 2 28 2 6 24 27 13 32 82 7 Peak Tracking Total 20 | . 3 20 5 3 . 3 4 4 1 5 4 6 4 7 5 5 2 8 1 2 4 6 2 6 6 3 Tactical Retreats 34 | . . 3 . . . 1 1 7 . 5 . 6 1 . 3 1 1 1 . . . . . 1 3 . Traps | -11 -10 -10 -9 -9 -9 -8 -8 -8 -8 -8 -7 -7 -7 -7 -6 -6 -6 -6 -5 -5 -5 -5 -4 -4 -3 -3 ------- Run | Yrd Mat Min Mat Min Exi Min Mat Gar Mat Gar Fac Gar Fac Gar Fac Gar Fac Gar Fac Was Fac Gar Fac Gar Res Qua Traps Triggered 63 | . 1 . 1 . . . . 11 . 8 . 12 . 8 1 8 . . 1 . 1 3 1 4 3 . Indirectly . | . . . . . . . . . . . . . . . . . . . . . . . . . . . Trap Hack Attempts . | . . . . . . . . . . . . . . . . . . . . . . . . . . . Triggered . | . . . . . . . . . . . . . . . . . . . . . . . . . . . Disarmed . | . . . . . . . . . . . . . . . . . . . . . . . . . . . Reprogrammed . | . . . . . . . . . . . . . . . . . . . . . . . . . . . Reused . | . . . . . . . . . . . . . . . . . . . . . . . . . . . Traps Extracted . | . . . . . . . . . . . . . . . . . . . . . . . . . . . Installed . | . . . . . . . . . . . . . . . . . . . . . . . . . . . Triggered . | . . . . . . . . . . . . . . . . . . . . . . . . . . . Machines | -11 -10 -10 -9 -9 -9 -8 -8 -8 -8 -8 -7 -7 -7 -7 -6 -6 -6 -6 -5 -5 -5 -5 -4 -4 -3 -3 ---------- Run | Yrd Mat Min Mat Min Exi Min Mat Gar Mat Gar Fac Gar Fac Gar Fac Gar Fac Gar Fac Was Fac Gar Fac Gar Res Qua Machines Disabled 58 | . . 1 2 . . . 4 5 . 8 . 10 . 4 2 4 . 2 . . 2 3 2 6 3 . Max in Single Turn 2 | . . 1 2 . . . 2 1 . 1 . 2 . 1 1 1 . 1 . . 1 1 1 1 1 . Garrison Relay 28 | . . . . . . . . 3 . 5 . 9 . 2 . 4 . 1 . . . 2 . 2 . . Machines Repaired . | . . . . . . . . . . . . . . . . . . . . . . . . . . . Machines Dismantled 3 | . . . . . . . . . . 3 . . . . . . . . . . . . . . . . Machines Sabotaged . | . . . . . . . . . . . . . . . . . . . . . . . . . . . Overloaded Fab Kills . | . . . . . . . . . . . . . . . . . . . . . . . . . . . Hacking | -11 -10 -10 -9 -9 -9 -8 -8 -8 -8 -8 -7 -7 -7 -7 -6 -6 -6 -6 -5 -5 -5 -5 -4 -4 -3 -3 --------- Run | Yrd Mat Min Mat Min Exi Min Mat Gar Mat Gar Fac Gar Fac Gar Fac Gar Fac Gar Fac Was Fac Gar Fac Gar Res Qua Machines Accessed 68 | . 8 . 3 . 2 1 6 3 1 2 6 4 2 1 6 2 5 2 2 . 3 1 5 1 2 . Terminals 36 | . 6 . 1 . . 1 4 3 . 2 3 4 . 1 1 2 1 2 . . 1 1 1 1 1 . Fabricators 2 | . . . . . . . . . . . . . . . . . . . . . . . 2 . . . Repair Stations 5 | . . . 1 . . . . . . . 1 . . . . . 1 . . . 1 . 1 . . . Recycling Units 9 | . 2 . . . . . . . . . 1 . . . 3 . 1 . 1 . . . . . 1 . Scanalyzers 6 | . . . 1 . . . 1 . . . . . 1 . 1 . 1 . 1 . . . . . . . Garrison Access 8 | . . . . . . . 1 . 1 . 1 . 1 . 1 . 1 . . . 1 . 1 . . . Total Hacks 154 | . 33 . 12 . 2 2 18 4 1 3 13 6 3 1 9 3 12 3 6 . 7 3 10 1 2 . Successful 72 | . 15 . 8 . 2 2 9 1 1 1 6 3 3 . 2 . 4 2 1 . 4 1 5 1 1 . Failed 80 | . 18 . 3 . . . 8 3 . 2 7 3 . 1 7 3 8 1 5 . 3 2 5 . 1 . Catastrophic 16 | . 1 . . . . . . 1 . 1 . 2 . 1 4 1 2 . 1 . 1 . . . 1 . Database Lockouts 2 | . . . 1 . . . 1 . . . . . . . . . . . . . . . . . . . Manual 58 | . 26 . 3 . 1 1 12 . . . 4 . . . 2 . 4 . . . 3 . 2 . . . Terminals 83 | . 27 . 3 . . 2 12 4 . 3 6 6 . 1 2 3 2 3 . . 3 3 1 1 1 . Fabricators 4 | . . . . . . . . . . . . . . . . . . . . . . . 4 . . . Repair Stations 13 | . . . 4 . . . . . . . 2 . . . . . 2 . . . 2 . 3 . . . Recycling Units 22 | . 6 . . . . . . . . . 4 . . . 4 . 2 . 5 . . . . . 1 . Scanalyzers 16 | . . . 5 . . . 4 . . . . . 2 . 2 . 2 . 1 . . . . . . . Garrison Access 14 | . . . . . . . 2 . 1 . 1 . 1 . 1 . 4 . . . 2 . 2 . . . Terminal Hacks 21 | . 4 . . . 2 2 1 1 . 1 2 3 . . . . 1 2 . . . 1 . 1 . . Record 2 | . . . . . 1 1 . . . . . . . . . . . . . . . . . . . . Part Schematic 1 | . 1 . . . . . . . . . . . . . . . . . . . . . . . . . Robot Analysis 1 | . . . . . . . . . . . 1 . . . . . . . . . . . . . . . Open Door 1 | . . . . . . . . . . . . 1 . . . . . . . . . . . . . . Emergency Access Points 6 | . . . . . . . . 1 . 1 . 1 . . . . . 1 . . . 1 . 1 . . Unreport Threat 2 | . . . . . . 1 . . . . 1 . . . . . . . . . . . . . . . Locate Traps 4 | . 3 . . . . . . . . . . . . . . . 1 . . . . . . . . . Zone Layout 1 | . . . . . . . 1 . . . . . . . . . . . . . . . . . . . Garrison Registry 1 | . . . . . . . . . . . . . . . . . . 1 . . . . . . . . Patrol Navigation 1 | . . . . . . . . . . . . 1 . . . . . . . . . . . . . . Proto ID Catalog 1 | . . . . . 1 . . . . . . . . . . . . . . . . . . . . . Fabricator Hacks . | . . . . . . . . . . . . . . . . . . . . . . . . . . . Repair Station Hacks 5 | . . . 2 . . . . . . . . . . . . . 1 . . . 1 . 1 . . . Scan Component 4 | . . . 1 . . . . . . . . . . . . . 1 . . . 1 . 1 . . . Repair 1 | . . . 1 . . . . . . . . . . . . . . . . . . . . . . . Recycling Unit Hacks 4 | . 1 . . . . . . . . . . . . . 1 . . . 1 . . . . . 1 . Retrieve Components 4 | . 1 . . . . . . . . . . . . . 1 . . . 1 . . . . . 1 . Scanalyzer 9 | . . . 4 . . . 3 . . . . . 2 . . . . . . . . . . . . . Retrieve Study 9 | . . . 4 . . . 3 . . . . . 2 . . . . . . . . . . . . . Garrison Access Hacks 10 | . . . . . . . 1 . 1 . 1 . 1 . 1 . 1 . . . 2 . 2 . . . Unlock Access 8 | . . . . . . . 1 . 1 . 1 . 1 . 1 . 1 . . . 1 . 1 . . . Coupler Status 2 | . . . . . . . . . . . . . . . . . . . . . 1 . 1 . . . Unauthorized Hacks 22 | . 9 . 2 . . . 4 . . . 3 . . . . . 1 . . . 1 . 2 . . . Terminals 20 | . 9 . 2 . . . 4 . . . 3 . . . . . . . . . 1 . 1 . . . Track 1 | . . . . . . . 1 . . . . . . . . . . . . . . . . . . . Assimilate 2 | . . . . . . . . . . . 1 . . . . . . . . . . . 1 . . . Botnet 9 | . 3 . 1 . . . 2 . . . 2 . . . . . . . . . 1 . . . . . Operators 1 | . 1 . . . . . . . . . . . . . . . . . . . . . . . . . Skim 7 | . 5 . 1 . . . 1 . . . . . . . . . . . . . . . . . . . Fabricators . | . . . . . . . . . . . . . . . . . . . . . . . . . . . Repair Stations 1 | . . . . . . . . . . . . . . . . . . . . . . . 1 . . . Patch 1 | . . . . . . . . . . . . . . . . . . . . . . . 1 . . . Recycling Units . | . . . . . . . . . . . . . . . . . . . . . . . . . . . Scanalyzers . | . . . . . . . . . . . . . . . . . . . . . . . . . . . Garrison Access 1 | . . . . . . . . . . . . . . . . . 1 . . . . . . . . . Reprogram 1 | . . . . . . . . . . . . . . . . . 1 . . . . . . . . . Data Cores Recovered . | . . . . . . . . . . . . . . . . . . . . . . . . . . . Used . | . . . . . . . . . . . . . . . . . . . . . . . . . . . Hacking Detections 59 | . 8 . 3 . . 1 4 3 . 2 4 3 2 1 5 2 5 2 2 . 3 1 5 1 2 . Full Trace Events 7 | . 1 . . . . . 1 1 . 1 . . . . 1 1 . . . . 1 . . . . . Feedback Events . | . . . . . . . . . . . . . . . . . . . . . . . . . . . Feedback Blocked . | . . . . . . . . . . . . . . . . . . . . . . . . . . . Robot Schematics Acquired . | . . . . . . . . . . . . . . . . . . . . . . . . . . . Robots Built . | . . . . . . . . . . . . . . . . . . . . . . . . . . . Authchips . | . . . . . . . . . . . . . . . . . . . . . . . . . . . Time . | . . . . . . . . . . . . . . . . . . . . . . . . . . . Total Robot Build Rating . | . . . . . . . . . . . . . . . . . . . . . . . . . . . Part Schematics Acquired 1 | . 1 . . . . . . . . . . . . . . . . . . . . . . . . . Parts Built . | . . . . . . . . . . . . . . . . . . . . . . . . . . . Authchips . | . . . . . . . . . . . . . . . . . . . . . . . . . . . Time . | . . . . . . . . . . . . . . . . . . . . . . . . . . . Total Part Build Rating . | . . . . . . . . . . . . . . . . . . . . . . . . . . . Part Studies Acquired 9 | . . . 4 . . . 3 . . . . . 2 . . . . . . . . . . . . . Parts Repaired 1 | . . . 1 . . . . . . . . . . . . . . . . . . . . . . . Time 13 | . . . 13 . . . . . . . . . . . . . . . . . . . . . . . Parts Recycled . | . . . . . . . . . . . . . . . . . . . . . . . . . . . Recycled Matter . | . . . . . . . . . . . . . . . . . . . . . . . . . . . Retrieved Matter . | . . . . . . . . . . . . . . . . . . . . . . . . . . . Retrieved Components 16 | . 9 . . . . . . . . . . . . . 7 . . . . . . . . . . . Parts Scanalyzed . | . . . . . . . . . . . . . . . . . . . . . . . . . . . Part Schematics Acquired . | . . . . . . . . . . . . . . . . . . . . . . . . . . . Parts Damaged . | . . . . . . . . . . . . . . . . . . . . . . . . . . . Bothacking | -11 -10 -10 -9 -9 -9 -8 -8 -8 -8 -8 -7 -7 -7 -7 -6 -6 -6 -6 -5 -5 -5 -5 -4 -4 -3 -3 ------------ Run | Yrd Mat Min Mat Min Exi Min Mat Gar Mat Gar Fac Gar Fac Gar Fac Gar Fac Gar Fac Was Fac Gar Fac Gar Res Qua Used RIF Installer 7 | . . . . . . . . 1 . 1 . 1 . 1 . 1 . 1 . . . . . 1 . . Hotswap 1 | . . . . . . . . . . . . . . . . . . 1 . . . . . . . . Command Fork 2 | . . . . . . . . . . 1 . . . 1 . . . . . . . . . . . . Threat Obfuscator 1 | . . . . . . . . . . . . . . . . 1 . . . . . . . . . . Alert ID Control 1 | . . . . . . . . . . . . . . . . . . . . . . . . 1 . . Autooverride 1 | . . . . . . . . . . . . 1 . . . . . . . . . . . . . . Robots Hacked 51 | . . . . . . . . . . 2 1 7 3 6 2 4 . 6 1 5 5 2 . 6 1 . Non-combat 7 | . . . . . . . . . . . 1 . . . 2 . . . 1 . 3 . . . . . Combat 44 | . . . . . . . . . . 2 . 7 3 6 . 4 . 6 . 5 2 2 . 6 1 . Autooverrided 7 | . . . . . . . . . . . . 1 . 1 . 1 . 2 . . . 1 . 1 . . Robot Hacks Applied 47 | . . . . . . . . . . 2 1 7 3 5 3 3 . 4 1 5 5 2 . 5 1 . parse_system 3 | . . . . . . . . . . . . 1 . . . . . . . . 2 . . . . . find_chute 1 | . . . . . . . . . . . . . . . . . . . 1 . . . . . . . find_fabricator 1 | . . . . . . . . . . . . . . . 1 . . . . . . . . . . . drop_inventory 4 | . . . . . . . . . . . . . . . 2 . . . . . 2 . . . . . map_route 1 | . . . . . . . . . . . . . . . . . . . . . 1 . . . . . ignore_targets 5 | . . . . . . . . . . . . . . . . . . . . 5 . . . . . . overload_power 1 | . . . . . . . . . . . . 1 . . . . . . . . . . . . . . amplify_resonance 1 | . . . . . . . . . . . . . . . . 1 . . . . . . . . . . overwrite_iff 5 | . . . . . . . . . . 1 . 1 1 1 . . . . . . . . . 1 . . streamctrl_high 1 | . . . . . . . . . . . . . . . . . . . . . . 1 . . . . formatsys_low 1 | . . . . . . . . . . . 1 . . . . . . . . . . . . . . . formatsys_high 23 | . . . . . . . . . . 1 . 4 2 4 . 2 . 4 . . . 1 . 4 1 . Relay Couplers Released 105 | . . . . . . . . 13 . 20 . 31 . 7 . 14 . 4 . . . 8 . 8 . . Machine Destruction 105 | . . . . . . . . 13 . 20 . 31 . 7 . 14 . 4 . . . 8 . 8 . . Attached 19 | . . . . . . . . . . 1 1 5 . 3 1 1 . 2 . 1 . 2 . 1 1 . Fabnet Peak Effective % . | . . . . . . . . . . . . . . . . . . . . . . . . . . . Robots Rewired . | . . . . . . . . . . . . . . . . . . . . . . . . . . . Allies Hacked 2 | . . . . . . . . . . . . . 1 . . . . . . . . . 1 . . . Hacks Repelled . | . . . . . . . . . . . . . . . . . . . . . . . . . . . Allies | -11 -10 -10 -9 -9 -9 -8 -8 -8 -8 -8 -7 -7 -7 -7 -6 -6 -6 -6 -5 -5 -5 -5 -4 -4 -3 -3 -------- Run | Yrd Mat Min Mat Min Exi Min Mat Gar Mat Gar Fac Gar Fac Gar Fac Gar Fac Gar Fac Was Fac Gar Fac Gar Res Qua Total Allies 48 | . . . . . . . . 2 . 4 2 7 3 6 . 5 . 6 . 1 . 2 1 8 1 . Largest Group 5 | . . . . . . . . 2 . 3 2 4 2 5 . 5 . 4 4 4 . 2 1 5 1 . Highest-Rated Group 235 | . . . . . . . . 64 . 66 49 117 32 128 . 181 . 116 116 118 . 98 45 235 142 . Highest-Rated Ally 142 | . . . . . . . . 39 . 31 26 85 16 32 . 47 . 85 29 31 . 49 45 47 142 . Total Orders 34 | . . . . . . . . . . 1 . 7 1 1 . 9 1 3 4 . . . . 4 3 . STAY 20 | . . . . . . . . . . 1 . 4 1 1 . 5 . 2 2 . . . . 3 1 . FOLLOW 13 | . . . . . . . . . . . . 3 . . . 4 . 1 2 . . . . 1 2 . EXPLORE 1 | . . . . . . . . . . . . . . . . . 1 . . . . . . . . . Ally Attacks 411 | . . . . . . . . 32 . 14 . 77 21 19 . 32 . 6 21 139 . 2 . 25 23 . Total Damage 7637 | . . . . . . . . 574 . 223 . 1215 183 470 . 617 . 131 364 2146 . 44 . 687 983 . Kills 46 | . . . . . . . . 9 . 5 . 9 1 3 . 4 . 1 2 5 . . . 3 4 . Allies Corrupted 4 | . . . . . . . . . . . . . 1 . . . . . . 2 . . 1 . . . Allies Melted . | . . . . . . . . . . . . . . . . . . . . . . . . . . . Intel | -11 -10 -10 -9 -9 -9 -8 -8 -8 -8 -8 -7 -7 -7 -7 -6 -6 -6 -6 -5 -5 -5 -5 -4 -4 -3 -3 ------- Run | Yrd Mat Min Mat Min Exi Min Mat Gar Mat Gar Fac Gar Fac Gar Fac Gar Fac Gar Fac Was Fac Gar Fac Gar Res Qua Active Infowar (turns) 12132 | . . . . . . . . . . . . . . . 886 500 221 1907 458 130 1002 979 1497 2053 2481 18 Optics 6009 | . . . . . . . . . . . . . . . 886 500 . . . . . . 71 2053 2481 18 Terrain 1247 | . . . . . . . . . . . . . . . . . . . . . . . 1245 . 2 . Structural 2 | . . . . . . . . . . . . . . . . . . . . . . . . . 2 . Jamming 9497 | . . . . . . . . . . . . . . . . . 221 1907 458 130 1002 979 1497 1900 1403 . Robot Analysis Total 1 | . . . . . . . . . . . 1 . . . . . . . . . . . . . . . Derelict Logs Recovered 3 | . . 1 . 2 . . . . . . . . . . . . . . . . . . . . . . Drone Launches 1 | . . . . . . . . . . . . . . . . . 1 . . . . . . . . . Drone Recoveries 1 | . . . . . . . . . . . . . . . . . 1 . . . . . . . . . Exploration | -11 -10 -10 -9 -9 -9 -8 -8 -8 -8 -8 -7 -7 -7 -7 -6 -6 -6 -6 -5 -5 -5 -5 -4 -4 -3 -3 ------------- Run | Yrd Mat Min Mat Min Exi Min Mat Gar Mat Gar Fac Gar Fac Gar Fac Gar Fac Gar Fac Was Fac Gar Fac Gar Res Qua Turns Passed 35644 | 80 1312 548 864 1542 544 613 1796 2387 209 2640 870 3670 608 2856 1076 2414 590 1925 513 557 1002 979 1497 2053 2481 18 Spaces Moved 13756 | 40 680 282 281 602 212 235 602 818 78 896 329 1268 204 846 412 973 281 774 213 198 469 350 750 928 1002 33 Core 102 | 8 . . . . . . . . . 1 . . . . . . . . . . . . . . 60 33 Treads 11777 | 32 680 75 195 602 212 103 491 760 78 895 329 1268 204 846 198 973 281 774 213 198 469 350 750 801 . . Legs 1063 | . . . . . . . . . . . . . . . . . . . . . . . . 127 936 . Wheels 814 | . . 207 86 . . 132 111 58 . . . . . . 214 . . . . . . . . . 6 . Hover . | . . . . . . . . . . . . . . . . . . . . . . . . . . . Flight . | . . . . . . . . . . . . . . . . . . . . . . . . . . . Fastest Speed 50 | 50 160 110 140 240 240 215 190 190 240 240 240 221 240 240 116 160 160 160 160 160 160 160 160 130 50 50 Average Speed 201 | 138 160 141 230 240 240 225 232 236 240 243 240 234 240 240 177 199 160 179 209 216 164 170 160 164 153 50 Slowest Speed 1400 | 160 160 240 320 320 240 240 240 560 240 1400 480 240 240 320 240 240 160 240 240 240 240 240 160 470 280 50 Overloaded Moves . | . . . . . . . . . . . . . . . . . . . . . . . . . . . Propulsion Burnouts . | . . . . . . . . . . . . . . . . . . . . . . . . . . . Robots Hopped 4 | . . . . . . . . . . 4 . . . . . . . . . . . . . . . . Potential Cave-ins . | . . . . . . . . . . . . . . . . . . . . . . . . . . . Cave-ins Triggered . | . . . . . . . . . . . . . . . . . . . . . . . . . . . Exploration Rate (%) 44 | 3 97 74 25 98 60 43 43 79 8 85 8 89 3 66 14 73 7 59 4 82 16 39 18 71 20 10 Regions Visited 26 Branch Regions 5 Pre-discovered Areas 1 | . . . . . 1 . . . . . . . . . . . . . . . . . . . . . Known Exits Taken 9 | . . . . . . . 1 . 1 . 1 . 1 . 1 . 1 . . . 1 . 1 . 1 . Unknown Exits Taken 7 | 1 1 1 1 1 1 1 . . . . . . . . . . . . . . . . . . . . Scrap Searched 2 | . . 1 . 1 . . . . . . . . . . . . . . . . . . . . . . Spaces Dug 207 | . 12 . . . . . 2 1 . 10 . 20 . 11 5 19 1 1 . . 3 5 1 17 99 . Terrain Destroyed 1047 | . 12 . 46 . . 28 63 12 . 26 1 79 1 51 7 34 1 23 . 3 20 44 13 53 530 . Melee 25 | . . . . . . . . . . 1 . 2 . 9 5 2 1 1 . . . 2 1 1 . . Projectile 131 | . . . . . . . 18 5 . 6 1 9 1 2 2 2 . 10 . 3 3 6 12 12 39 . AOE 886 | . 12 . 46 . . 28 45 7 . 19 . 68 . 40 . 30 . 12 . . 17 36 . 40 486 . Terrain Rammed . | . . . . . . . . . . . . . . . . . . . . . . . . . . . Walls Destroyed . | . . . . . . . . . . . . . . . . . . . . . . . . . . . Machines Disabled . | . . . . . . . . . . . . . . . . . . . . . . . . . . . Actions | -11 -10 -10 -9 -9 -9 -8 -8 -8 -8 -8 -7 -7 -7 -7 -6 -6 -6 -6 -5 -5 -5 -5 -4 -4 -3 -3 --------- Run | Yrd Mat Min Mat Min Exi Min Mat Gar Mat Gar Fac Gar Fac Gar Fac Gar Fac Gar Fac Was Fac Gar Fac Gar Res Qua Total 19544 | 55 813 378 413 657 249 290 892 1137 96 1170 406 1793 311 1531 639 1343 396 1180 273 295 633 636 1004 1353 1567 34 Wait 3384 | 1 64 47 38 6 34 33 161 174 11 115 60 304 88 508 115 224 86 264 36 14 72 194 179 260 295 1 Move 13722 | 39 679 281 280 601 211 234 602 817 78 886 329 1266 204 845 412 971 280 772 213 197 468 348 749 926 1001 33 Hop 4 | . . . . . . . . . . 4 . . . . . . . . . . . . . . . . Pick Up 240 | 5 10 10 18 9 1 1 22 11 1 10 5 23 . 14 11 19 2 14 1 8 3 2 12 15 13 . Fast Attach 163 | 5 2 1 5 1 . 1 6 4 . 13 1 9 2 10 10 6 3 9 4 7 10 5 10 13 26 . Attach 91 | 1 . 7 3 1 1 1 2 2 . 3 2 9 . 7 3 6 . 3 2 7 . 2 4 4 21 . Detach 24 | . 1 1 1 . . . 1 . . 1 . 3 1 1 1 2 . . 1 . . . 1 2 7 . Swap 242 | . 3 . 7 2 . 3 10 17 2 18 2 30 2 23 12 15 5 19 4 8 10 13 6 14 17 . Drop 328 | . 3 1 12 11 2 2 30 23 2 16 3 28 3 21 16 24 6 23 4 20 14 3 13 27 21 . Fire 1197 | 4 51 30 49 26 . 15 58 72 2 64 4 96 11 78 48 63 13 72 7 34 56 66 29 85 164 . Melee 61 | . . . . . . . . 2 . 7 . 11 . 14 11 5 1 4 1 . . 3 1 1 . . Ram . | . . . . . . . . . . . . . . . . . . . . . . . . . . . Kick . | . . . . . . . . . . . . . . . . . . . . . . . . . . . Crush . | . . . . . . . . . . . . . . . . . . . . . . . . . . . Escape Stasis 68 | . . . . . . . . 14 . 14 . 14 . 10 . 8 . . . . . . . 6 2 . Rewire 1 | . . . . . . . . 1 . . . . . . . . . . . . . . . . . . Trap . | . . . . . . . . . . . . . . . . . . . . . . . . . . . Miscellaneous 19 | . . . . . . . . . . 19 . . . . . . . . . . . . . . . . Route ------- -11/Scrapyard -10/Materials (discovered 4 exits: *Mat x3 / [*Min]) -10/Mines (discovered 3 exits: *Mat x2 / [*Sub]) -9/Materials -9/Mines (discovered 4 exits: *Mat x2 / *Exi / [*Zio]) -9/Exiles -8/Mines -8/Materials -8/Garrison (discovered 3 exits: *Mat x3) -8/Materials -8/Garrison (discovered 3 exits: *Fac x3) -7/Factory (discovered 2 exits: Sto / Gar) -7/Garrison (discovered 3 exits: *Fac x3) -7/Factory (discovered 2 exits: *Fac / Gar) -7/Garrison (discovered 3 exits: *Fac x3) -6/Factory (discovered 2 exits: *Fac / Gar) -6/Garrison (discovered 3 exits: *Fac x3) -6/Factory -6/Garrison (discovered 3 exits: *Fac x3) -5/Factory -5/Waste -5/Factory (discovered 4 exits: *Fac x2 / [*Upp] / Gar) -5/Garrison -4/Factory -4/Garrison (discovered 3 exits: *Res x3) -3/Research -3/Quarantine History --------- Turn | Location | Event 8 | -11/Scrapyard | Discovered new exit (range 16) 81 | -11/Scrapyard | Entered Materials 300 | -10/Materials | Build established: Mutant 613 | -10/Materials | Discovered new exit (range 4) 797 | -10/Materials | Discovered new exit (range 13) 1125 | -10/Materials | Discovered new exit (range 6) 1222 | -10/Materials | Discovered new exit (range 9) 1393 | -10/Materials | Entered Mines 1400 | -10/Mines | Received a Rocket Launcher from a helpful Derelict 1432 | -10/Mines | Discovered new exit (range 9) 1493 | -10/Mines | Assembled infested the area 1498 | -10/Mines | Assisted by a Guerilla fighting off Assembled 1520 | -10/Mines | Core integrity fell below 50% 1551 | -10/Mines | Lost 4 parts (1p1n1u1w) 1714 | -10/Mines | Core integrity fell below 20% 1894 | -10/Mines | Discovered new exit (range 9) 1922 | -10/Mines | Discovered new exit (range 7) 1930 | -10/Mines | Learned Materials terminal intel 1941 | -10/Mines | Entered Materials 1941 | -9/Materials | Evolved 2 slots: Propulsion x1, Utility x1 1942 | -9/Materials | Loaded intel: 12 terminal locations 2009 | -9/Materials | Central database locked down 2244 | -9/Materials | Build established: Scavenger-Mutant 2598 | -9/Materials | Repaired Lgt. Treads 2765 | -9/Materials | Discovered new exit (range 15) 2805 | -9/Materials | Entered Mines 2810 | -9/Mines | Met a Derelict bent on vengeance 2903 | -9/Mines | Learned Materials garrison access intel 2924 | -9/Mines | A weapon hastily lodged in a ceiling crevice suddenly fell to the ground 3010 | -9/Mines | Discovered new exit (range 6) 3016 | -9/Mines | A Derelict revealed a hidden shortcut to a safe place 3484 | -9/Mines | Deemed a non-threat by the Exiles lab entrance 3984 | -9/Mines | Discovered new exit (range 14) 4328 | -9/Mines | Discovered new exit (range 5) 4347 | -9/Mines | Entered Exiles 4407 | -9/Exiles | Met 8R-AWN 4443 | -9/Exiles | Met EX-HEX 4518 | -9/Exiles | Met EX-BIN 4544 | -9/Exiles | Aligned with FarCom system 4547 | -9/Exiles | Given EX-Vault access code 4607 | -9/Exiles | Opened EX-Vault 4630 | -9/Exiles | Found YOLO Cannon 4679 | -9/Exiles | Warned to stay clear of 0b10 Research branches 4707 | -9/Exiles | Exiles lab attacked by MAIN.C 4763 | -9/Exiles | Learned location of Zion (-7) 4872 | -9/Exiles | Discovered new exit (range 10) 4891 | -9/Exiles | Left Exiles lab with YOLO Cannon 4891 | -9/Exiles | Entered Mines 5463 | -8/Mines | Discovered new exit (range 16) 5504 | -8/Mines | Entered Materials 5504 | -8/Materials | Evolved 2 slots: Utility x1, Weapon x1 5505 | -8/Materials | Loaded intel: 1 garrison access location 5847 | -8/Materials | Build established: Scavenger-Skirmisher 6836 | -8/Materials | Central database locked down 7300 | -8/Materials | Identified exit to Garrison 7300 | -8/Materials | Entered Garrison 7326 | -8/Garrison | Triggered checkpoint 7754 | -8/Garrison | Triggered checkpoint 7930 | -8/Garrison | Discovered new exit (range 14) 7952 | -8/Garrison | Installed Relay Interface Framework 8078 | -8/Garrison | Triggered checkpoint 8106 | -8/Garrison | Garrison Relay disabled 8254 | -8/Garrison | Triggered checkpoint 8416 | -8/Garrison | Discovered new exit (range 10) 8479 | -8/Garrison | Rescued a captive Derelict 8481 | -8/Garrison | Rescued a captive Derelict 8522 | -8/Garrison | Triggered checkpoint 9261 | -8/Garrison | Garrison Relay disabled 9296 | -8/Garrison | Triggered checkpoint 9314 | -8/Garrison | Triggered checkpoint 9336 | -8/Garrison | Triggered checkpoint 9502 | -8/Garrison | Triggered checkpoint 9572 | -8/Garrison | Discovered new exit (range 14) 9687 | -8/Garrison | Entered Materials 9896 | -8/Materials | Identified exit to Garrison 9896 | -8/Materials | Entered Garrison 9942 | -8/Garrison | Expanded RIF knowledge: Command Fork 10022 | -8/Garrison | Triggered checkpoint 10153 | -8/Garrison | Garrison Relay disabled 10168 | -8/Garrison | Triggered checkpoint 10467 | -8/Garrison | Triggered checkpoint 10470 | -8/Garrison | Triggered checkpoint 10521 | -8/Garrison | Destroyed 7 combat bots 10607 | -8/Garrison | Build established: Scavenger-Gunner 10672 | -8/Garrison | Triggered checkpoint 10784 | -8/Garrison | Garrison Relay disabled 10887 | -8/Garrison | Core integrity fell below 50% 10916 | -8/Garrison | Discovered new exit (range 13) 11257 | -8/Garrison | Rescued a captive Derelict 11259 | -8/Garrison | Rescued a captive Derelict 11425 | -8/Garrison | Garrison Relay disabled 11875 | -8/Garrison | Discovered new exit (range 11) 12264 | -8/Garrison | Discovered new exit (range 15) 12280 | -8/Garrison | Build established: Scavenger-Mutant 12310 | -8/Garrison | Garrison Relay disabled 12386 | -8/Garrison | Triggered checkpoint 12440 | -8/Garrison | Garrison Relay disabled 12536 | -8/Garrison | Entered Factory 12536 | -7/Factory | Evolved 2 slots: Propulsion x1, Utility x1 12537 | -7/Factory | Identified exit to Storage 12691 | -7/Factory | Build established: Scavenger-Gunner 12936 | -7/Factory | First assault squad dispatched 13406 | -7/Factory | Identified exit to Garrison 13406 | -7/Factory | Entered Garrison 13432 | -7/Garrison | Lost 7 parts (1p3n1u2w) 13458 | -7/Garrison | Triggered checkpoint 13627 | -7/Garrison | Garrison Relay disabled 13691 | -7/Garrison | Expanded RIF knowledge: Autooverride 13966 | -7/Garrison | Garrison Relay disabled 13968 | -7/Garrison | Garrison Relay disabled 13968 | -7/Garrison | Garrison Relay disabled 13970 | -7/Garrison | Garrison Relay disabled 14090 | -7/Garrison | Triggered checkpoint 14310 | -7/Garrison | Build established: Bothacker-Skirmisher 14773 | -7/Garrison | Triggered checkpoint 14955 | -7/Garrison | Triggered checkpoint 15123 | -7/Garrison | Triggered checkpoint 15234 | -7/Garrison | Garrison Relay disabled 15313 | -7/Garrison | Discovered new exit (range 15) 15314 | -7/Garrison | Triggered checkpoint 15314 | -7/Garrison | Build established: Scavenger-Tank 15388 | -7/Garrison | Garrison Relay disabled 15643 | -7/Garrison | Triggered checkpoint 15694 | -7/Garrison | Spotted B-75 Beast 15694 | -7/Garrison | Spotted B-75 Beast 15718 | -7/Garrison | Destroyed B-75 Beast 15895 | -7/Garrison | Discovered new exit (range 15) 16015 | -7/Garrison | Garrison Relay disabled 16196 | -7/Garrison | Garrison Relay disabled 16271 | -7/Garrison | Discovered new exit (range 12) 16332 | -7/Garrison | Rescued a captive Derelict 16530 | -7/Garrison | Triggered checkpoint 16585 | -7/Garrison | Build established: Scavenger-Skirmisher 17076 | -7/Garrison | Entered Factory 17143 | -7/Factory | Build established: Bothacker-Skirmisher 17205 | -7/Factory | Discovered new exit (range 7) 17476 | -7/Factory | First assault squad dispatched 17684 | -7/Factory | Identified exit to Garrison 17684 | -7/Factory | Entered Garrison 17714 | -7/Garrison | Triggered checkpoint 17749 | -7/Garrison | Garrison Relay disabled 18560 | -7/Garrison | Triggered checkpoint 18643 | -7/Garrison | Triggered checkpoint 18657 | -7/Garrison | Core integrity fell below 50% 18797 | -7/Garrison | Discovered new exit (range 9) 18910 | -7/Garrison | Triggered checkpoint 19324 | -7/Garrison | Triggered checkpoint 19383 | -7/Garrison | Garrison Relay disabled 19540 | -7/Garrison | Discovered new exit (range 14) 19876 | -7/Garrison | Expanded RIF knowledge: Command Fork 20376 | -7/Garrison | Triggered checkpoint 20485 | -7/Garrison | Discovered new exit (range 11) 20540 | -7/Garrison | Entered Factory 20540 | -6/Factory | Evolved 2 slots: Propulsion x1, Utility x1 20637 | -6/Factory | Build established: Bothacker-Gunner 20765 | -6/Factory | Found Scatter Rocket Array 20890 | -6/Factory | First assault squad dispatched 21074 | -6/Factory | Discovered new exit (range 6) 21418 | -6/Factory | Build established: Bothacker-Skirmisher 21487 | -6/Factory | Garrison activated, responded to threat 21616 | -6/Factory | Identified exit to Garrison 21616 | -6/Factory | Entered Garrison 21669 | -6/Garrison | Expanded RIF knowledge: Threat Obfuscation 21714 | -6/Garrison | Triggered checkpoint 21861 | -6/Garrison | Garrison Relay disabled 22218 | -6/Garrison | Triggered checkpoint 22291 | -6/Garrison | Triggered checkpoint 22536 | -6/Garrison | Discovered new exit (range 8) 22637 | -6/Garrison | Build established: Scavenger-Skirmisher 22662 | -6/Garrison | Triggered checkpoint 22829 | -6/Garrison | Lost 3 allies 22925 | -6/Garrison | Garrison Relay disabled 23037 | -6/Garrison | Triggered checkpoint 23251 | -6/Garrison | Discovered new exit (range 12) 23420 | -6/Garrison | Triggered checkpoint 23473 | -6/Garrison | Build established: Scavenger-Tank 23583 | -6/Garrison | Garrison Relay disabled 23662 | -6/Garrison | Triggered checkpoint 23749 | -6/Garrison | Discovered new exit (range 8) 23889 | -6/Garrison | Garrison Relay disabled 24030 | -6/Garrison | Entered Factory 24371 | -6/Factory | Build established: Bothacker-Skirmisher 24380 | -6/Factory | First assault squad dispatched 24483 | -6/Factory | Identified exit to Garrison 24620 | -6/Factory | Entered Garrison 24633 | -6/Garrison | Discovered new exit (range 59) 24633 | -6/Garrison | Discovered new exit (range 78) 24633 | -6/Garrison | Discovered new exit (range 49) 24837 | -6/Garrison | Build established: Bothacker-Gunner 25146 | -6/Garrison | Triggered checkpoint 25146 | -6/Garrison | Spotted B-75 Beast 25150 | -6/Garrison | Triggered checkpoint 25160 | -6/Garrison | Triggered checkpoint 25217 | -6/Garrison | Lost 3 parts (3n) 25226 | -6/Garrison | Destroyed 12 combat bots 25508 | -6/Garrison | Build established: Scavenger-Gunner 25582 | -6/Garrison | Found Relay Coupler [Proto] 25763 | -6/Garrison | Triggered checkpoint 25851 | -6/Garrison | Expanded RIF knowledge: Hotswap 25870 | -6/Garrison | Garrison Relay disabled 26075 | -6/Garrison | Triggered checkpoint 26162 | -6/Garrison | Build established: Botlord-Gunner 26286 | -6/Garrison | Triggered checkpoint 26461 | -6/Garrison | Found Relay Coupler [Proto] 26545 | -6/Garrison | Entered Factory 26545 | -5/Factory | Accompanied by 4 allies 26545 | -5/Factory | Evolved 2 slots: Power x1, Utility x1 26845 | -5/Factory | First assault squad dispatched 27019 | -5/Factory | Discovered new exit (range 11) 27058 | -5/Factory | Sucked down chute 27058 | -5/Factory | Entered Waste 27059 | -5/Waste | Met a frightened Derelict 27073 | -5/Waste | EMP discharged 27142 | -5/Waste | Spotted C-40 Crusher 27148 | -5/Waste | 3 allies followed down the chute 27159 | -5/Waste | Allies destroyed C-40 Crusher 27161 | -5/Waste | Spotted C-40 Crusher 27173 | -5/Waste | EMP discharged 27173 | -5/Waste | System corruption reached 10% 27176 | -5/Waste | Allies destroyed C-40 Crusher 27186 | -5/Waste | Found Damper Plating 27207 | -5/Waste | Spotted C-40 Crusher 27222 | -5/Waste | Spotted C-40 Crusher 27222 | -5/Waste | Allies destroyed C-40 Crusher 27240 | -5/Waste | Found Damper Plating 27273 | -5/Waste | EMP discharged 27313 | -5/Waste | Spotted C-40 Crusher 27334 | -5/Waste | Allies destroyed C-40 Crusher 27346 | -5/Waste | Found Damper Plating 27364 | -5/Waste | Spotted C-40 Crusher 27373 | -5/Waste | EMP discharged 27379 | -5/Waste | Allies destroyed C-40 Crusher 27431 | -5/Waste | Lost 3 allies 27468 | -5/Waste | Build established: Bothacker-Tank 27473 | -5/Waste | EMP discharged 27500 | -5/Waste | Destroyed C-40 Crusher 27573 | -5/Waste | EMP discharged 27586 | -5/Waste | Discovered new exit (range 10) 27615 | -5/Waste | Entered Factory 27809 | -5/Factory | Unchained authorized (QV-33N) 27849 | -5/Factory | Exiles provided nearest exit location to -4/Factory 28110 | -5/Factory | Allied Derelicts emerged from ambush trap array 28371 | -5/Factory | Lost 3 allies 28464 | -5/Factory | Discovered exit to Factory (range 6) 28478 | -5/Factory | Discovered new exit (range 11) 28607 | -5/Factory | Identified exit to Garrison 28617 | -5/Factory | Entered Garrison 28705 | -5/Garrison | Triggered checkpoint 28793 | -5/Garrison | Garrison Relay disabled 29082 | -5/Garrison | Triggered checkpoint 29120 | -5/Garrison | Destroyed 7 combat bots 29189 | -5/Garrison | Triggered checkpoint 29295 | -5/Garrison | Triggered checkpoint 29305 | -5/Garrison | Garrison Relay disabled 29458 | -5/Garrison | Discovered exit to Factory (range 14) 29471 | -5/Garrison | Triggered checkpoint 29526 | -5/Garrison | Spotted B-75 Beast 29569 | -5/Garrison | Lost 3 parts (1p1u1w) 29596 | -5/Garrison | Entered Factory 29596 | -4/Factory | Evolved 2 slots: Propulsion x1, Utility x1 29627 | -4/Factory | Lost 5 parts (2n1u2w) 30180 | -4/Factory | Build established: Scavenger-Tank 30535 | -4/Factory | Allied Derelicts emerged from ambush trap array 30625 | -4/Factory | Lost 3 allies 31007 | -4/Factory | Build established: Scavenger-Gunner 31080 | -4/Factory | Identified exit to Garrison 31093 | -4/Factory | Entered Garrison 31108 | -4/Garrison | Expanded RIF knowledge: Alert ID Control 31175 | -4/Garrison | Triggered checkpoint 31233 | -4/Garrison | Garrison Relay disabled 31524 | -4/Garrison | Build established: Botlord-Gunner 31574 | -4/Garrison | Spotted B-86 Titan 31619 | -4/Garrison | Destroyed B-86 Titan 31704 | -4/Garrison | Triggered checkpoint 31813 | -4/Garrison | Discovered new exit (range 12) 31975 | -4/Garrison | Build established: Botlord-Tank 31978 | -4/Garrison | Garrison Relay disabled 31997 | -4/Garrison | Triggered checkpoint 32065 | -4/Garrison | Lost 3 parts (1p1n1w) 32261 | -4/Garrison | Triggered checkpoint 32345 | -4/Garrison | Triggered checkpoint 32437 | -4/Garrison | Discovered new exit (range 19) 32511 | -4/Garrison | Lost 5 allies 32955 | -4/Garrison | Spotted B-86 Titan 33043 | -4/Garrison | Discovered new exit (range 9) 33146 | -4/Garrison | Entered Research 33146 | -3/Research | Evolved 2 slots: Utility x1, Weapon x1 33209 | -3/Research | Build established: Botlord-Skirmisher 33303 | -3/Research | Unchained authorized (QV-33N) 33898 | -3/Research | Found Adv. Powered Armor 33955 | -3/Research | System corruption reached 10% 34324 | -3/Research | Build established: Bothacker-Gunner 34550 | -3/Research | System corruption reached 30% 34580 | -3/Research | Lost 3 parts (2u1w) 34885 | -3/Research | Lost 11 parts (4n3u4w) 34958 | -3/Research | Discovered new exit (range 7) 34970 | -3/Research | Identified exit to Quarantine 35593 | -3/Research | YOLO Cannon suddenly exploded 35594 | -3/Research | Core integrity fell below 50% 35608 | -3/Research | Core integrity fell below 20% 35627 | -3/Research | Entered Quarantine 35628 | -3/Quarantine | Maximum security lockdown engaged 35642 | -3/Quarantine | Lost 10 parts (2p3n3u2w) 35645 | -3/Quarantine | Destroyed by P-80 Master with Gamma Rifle Last Messages --------------- 35611_ Critical hit (Destroy). 35611_ Centrium Leg destroyed. 35612_ Slug penetrates Wall. Antisys Drone disintegrates. 35614_ U-05 Engineer builds a Wall. Kinetic Drone disintegrates. 35615_ Slug penetrates Wall. 35622_ System corrupted: Adv. Coolant Injector fused. 35623_ Acquired 3 matter. LOCATION=QUARANTINE AMBIENT_HEAT=-20 GOAL=ESCAPE 35627_ Receiving FarCom transmissions... 35628_ ALERT: Suspected Assembled signals penetrating research branch. 35628_ ALERT: Maximum security lockdown engaged. 35629_ ALERT: Machine network offline. 35630_ ALERT: Performing unscheduled system reset. 35631_ ALERT: Lockdown in effect, collecting threat data. 35632_ FARCOM_MSG: For science! 35638_ System corrupted: Matter fused (-9). Map ----- +----------------------------------------------------+ | ???????????????????# # "" #?????????? | | ???????????????????# # #?????????? | | ???????????????????# #? #?????????? | | ???????????????????# ###########?????????? | | ???????????????????# T#??????????????????? | | ???????????????????# ##??????????????????? | | ???????????????????# #???????????????????? | | ???????????????????# #???????????????????? | | ???????????????????# #??#######??????????? | | ???????????????????# #? #??????????? | | ???????????????????# #? " #??????????? | | ???????????????????# # " T #??????????? | | ????????????????#### # """ #??????????? | | ????????????????# + "!""" #??????????? | | ????????????????# # """ #??????????? | | ????????????????# p # " " #??????????? | | ????????????????####pp #? " #??????????? | | ???????????????????# #? #??????????? | | ???????????????????# #??#######??????????? | | ???????????????????# #???????????????????? | | ???????????????????# #???????????????????? | | ???????????????????# #???????????????????? | | ???????????????????# #???????????????????? | | ???????????????????# #???????????????????? | | ???????????????????# #???????????????????? | | ???????????????????#@ #???????????????????? | | ???????????????????# #???????????????????? | | ???????????????????+ +???????????????????? | | ???????????????????# #???????????????????? | | ???????????????????# #???????????????????? | | ???????????????????# #???????????????????? | | ???????????????????# #???????????????????? | | ???????????????????# #???????????????????? | | ???????????????????# #???????????????????? | | ???????????????????# #???????????????????? | | ???????????????????# u #???????????????????? | | ???????????????????# s#???????????????????? | | ???????????????????# c#???????????????????? | | ????????????????????### #???????????????????? | | ???????????????????????s#???????????????????? | | ??????????????????????? #???????????????????? | | ???????????????????????s#???????????????????? | | ???????????????????????s#???????????????????? | | ??????????????????????? #???????????????????? | | ????????????????????????#???????????????????? | | ????????????????????????????????????????????? | | ????????????????????????????????????????????? | | ????????????????????????????????????????????? | | ????????????????????????????????????????????? | | ????????????????????????????????????????????? | +----------------------------------------------------+ Best States ------------- Heat Dissipation 86 Coolant Potential 100 Energy Generation 45 Energy Capacity 580 Matter Stores 300 Matter Capacity 300 Sight Range 22 Terrain Scan Range 20 Terrain Scan Density 10 Jamming Range 12 Armor Coverage 1600 Resistance: KI 25 Resistance: TH 15 Resistance: EM 90 Weapon Cycling 20 Evasion (%) 63 Targeting Accuracy 8 Target Analysis 6 Core Analysis 6 Recoil Reduction 6 Relay Coupler Types 2 Relay Coupler Value 36 Item Schematics ----------------- Huge Storage Unit | -10/Materials | Hacked Robot Schematics ------------------ None Fabricated ------------ Nothing Repaired ---------- Lgt. Treads | 1% | -9/Materials Studied --------- Rocket Launcher | -9/Materials | Hacked Particle Gun | -9/Materials | Hacked Lgt. Assault Rifle | -9/Materials | Hacked Med. Laser | -9/Materials | Hacked Hpw. Shotgun | -8/Materials | Hacked Adv. Treads | -8/Materials | Hacked EM Pulse Cannon | -8/Materials | Hacked Gatling Laser | -7/Factory | Hacked Great Maul | -7/Factory | Hacked Alien Tech Used ----------------- None Achievements -------------- YOLO Challenges ------------ None Game ------ Seed SingularityCompositeDatajack Manual? 0 Play Time 03:05:28 Cumulative 1637.0 hours Start 2026.03.02 @ 23:39:10 End 2026.03.04 @ 00:08:37 Sessions 7 Manual Loads 0 Difficulty Rogue Special Mode None Game No. 1174 Rogue 1134 Adventurer 40 Explorer 0 Win Type - Total 212 Types 96/11/74/2/2/4/16/2/1/4 Lore% 97 Gallery% 96 Achievement% 85 Wizard Run 0 Options --------- Layout 0 ASCII 0 Keyboard 0 Movement Numpad Keybinds 0 Fullscreen 0 Font 20/Terminus Map View 76x50 Zoom Use 0% Tactical HUD 1 Map Filters NONE Filters NONE Steam 1 RUN: 0f62cdd5-a0cb-4e12-a4c9-f09a7ef53fea